Cogmind - Beta 16 @@@ ROGUE MODE // 2026.01.01 @ 20:45:20 Player: JuustuToug Result: Destroyed by D-53 Grenadier with Mini Grenade Launcher Performance ------------- Evolutions (0) 0 Regions Visited (2) 400 Robots Destroyed (24) 120 Value Destroyed (302) 302 Prototype IDs (0) 0 Alien Tech Used (0) 0 Bonus (0) 0 TOTAL SCORE: 822 Bonus ------- None Cogmind --------- Core Integrity 0/250 Matter 286/300 Energy 78/100 System Corruption 0% Temperature Cool (10) Movement Treading (160) Location -10/Mines Parts ------- > --- POWER (1) -------- (None) > --- PROPULSION (2) --- Light Treads Light Treads > --- UTILITY (2) ------ Large Storage Unit Seismic Detector > --- WEAPON (2) ------- Medium Laser Light Assault Rifle > --- INVENTORY (15) --- Light Ion Engine Light Nuclear Core Light Treads Improved Heat Sink Terrain Scanner Improved Terrain Scanner Terrain Scan Processor Medium Laser Small Laser Light Assault Rifle Light Assault Rifle Grenade Launcher Peak State ------------ > --- POWER ------------ Ion Engine > --- PROPULSION ------- Light Treads Light Treads > --- UTILITY ---------- Large Storage Unit Seismic Detector > --- WEAPON ----------- Medium Laser Light Assault Rifle > --- INVENTORY -------- Light Ion Engine Light Nuclear Core Light Treads Light Treads Improved Heat Sink Terrain Scanner Improved Terrain Scanner Terrain Scan Processor Medium Laser Medium Laser Particle Gun Light Assault Rifle Light Assault Rifle Grenade Launcher [Rating: 9] Favorites ----------- Power Ion Engine Engine Ion Engine Propulsion Light Treads Treads Light Treads Utility Seismic Detector Device Seismic Detector Storage Large Storage Unit Processor Signal Interpreter Weapon Medium Laser Energy Gun Medium Laser Ballistic Gun Light Assault Rifle Launcher Grenade Launcher Build | -11 -10 -10 ------- Run | Yrd Mat Min Slots Evolved . | . . . Power . | . . . Propulsion . | . . . Utility . | . . . Weapon . | . . . Parts Attached 16 | 8 6 2 Power 3 | 2 1 . Engine 3 | 2 1 . Core . | . . . Reactor . | . . . Propulsion 3 | 2 . 1 Treads 3 | 2 . 1 Leg . | . . . Wheel . | . . . Hover . | . . . Flight . | . . . Utility 5 | 2 3 . Device 1 | 1 . . Storage 2 | 1 1 . Processor 2 | . 2 . Hackware . | . . . Protection . | . . . Artifact . | . . . Weapon 5 | 2 2 1 Energy Gun 2 | 1 . 1 Energy Cannon . | . . . Ballistic Gun 2 | 1 1 . Ballistic Cannon . | . . . Launcher 1 | . 1 . Special Weapon . | . . . Impact Weapon . | . . . Slashing Weapon . | . . . Piercing Weapon . | . . . Special Melee Weapon . | . . . Unidentified Prototypes . | . . . Parts Lost 4 | . 1 3 Power 1 | . . 1 Propulsion 1 | . . 1 Utility . | . . . Weapon 2 | . 1 1 Highest Loss Streak 3 | . 1 3 To Critical Strikes . | . . . Average Backups 9 | 1 7 13 Power 1 | . . 1 Propulsion 1 | . 1 1 Utility 2 | . 2 3 Weapon 3 | . 2 5 Tool/Special . | . . . Unused Backups 12 | . 1 11 Power 1 | . . 1 Propulsion 1 | . . 1 Utility 4 | . . 4 Weapon 6 | . 1 5 Tool/Special . | . . . Average Slot Usage (%) 99 | . 100 99 Engine 13 | . 14 13 Treads 28 | . 28 28 Device 13 | . 13 14 Storage 14 | . 14 14 Energy Gun 14 | . 14 14 Ballistic Gun 13 | . 13 14 Peak Build Rating 9 | 7 8 9 Average Rating 7 | 5 7 8 On Entrance 5 | . 7 8 Avg Prop Armor Cover (%) . | . . . Naked Turns . | . . . Heaviest Build 31 | 14 31 29 Greatest Support 40 | 40 40 40 Greatest Overweight (x) . | . . . Average Overweight (x) . | . . . Largest Inventory Capacity 15 | 8 15 15 Average Capacity 13 | 7 13 15 Most Carried 15 | 3 11 15 Average Carried 9 | 1 7 13 Final Capacity 15 | 8 15 15 Final Carried 12 | 3 11 12 Class Distribution -------------------- 100% | Mutant Dominant Class ---------------- Mutant | -10/Materials Mutant | -10/Mines Resources | -11 -10 -10 ----------- Run | Yrd Mat Min Matter Collected 447 | 224 191 32 Remotely . | . . . Salvage Created 619 | 64 475 80 Parts 48 | 11 30 7 Haulers Intercepted 1 | . 1 . Recyclers Shooed 6 | . 6 . Parts Field Recycled . | . . . Retrieved Matter . | . . . Parts Self-Destructed . | . . . Prevented . | . . . Parts Restored . | . . . Kills | -11 -10 -10 ------- Run | Yrd Mat Min Combat Hostiles Destroyed 13 | . 11 2 Guns 9 | . 7 2 AOE 3 | . 3 . Classes Destroyed 8 | 1 7 . Worker 2 | . 2 . Builder 2 | . 2 . Tunneler 3 | 3 . . Hauler 1 | . 1 . Recycler 2 | . 2 . Watcher 1 | . 1 . Swarmer 9 | . 9 . Grunt 4 | . 2 2 Best Kill Streak 6 | 2 6 2 Combat Bots Only 3 | . 3 2 Max Kills in Single Turn 2 | 1 2 1 Gunslinging 1 | . 1 . Exploded 1 | . 1 . Melee . | . . . Uniques/NPCs Destroyed . | . . . Combat | -11 -10 -10 -------- Run | Yrd Mat Min Hostile Shots Fired 78 | . 52 26 Missed 15 | . 11 4 Hits 63 | . 41 22 Projectile 63 | . 41 22 AOE 14 | . . 14 Damage Taken 975 | . 363 612 Core 256 | . 47 209 Absorbed by Shields . | . . . Core Remaining (%) 100 | 100 . . Volleys Fired 64 | 6 47 11 Largest 2 | 2 2 2 Hottest 70 | 70 70 70 Shots Fired 124 | 12 90 22 Gun 121 | 12 87 22 Cannon . | . . . Launcher 3 | . 3 . Special . | . . . Kinetic 60 | 6 43 11 Thermal 61 | 6 44 11 Explosive 3 | . 3 . Electromagnetic . | . . . Robot Hit Streak 8 | 5 8 6 Robot Miss Streak 5 | 1 5 1 Penetration Max . | . . . Secondary Targets 2 | . 1 1 Max Gunslinging Chain 1 | . 1 1 Shots Hit Robots 77 | 8 53 16 Core Hits 38 | 3 29 6 Critical Kills . | . . . Critical Parts Destroyed . | . . . Critical Strikes 4 | . 3 1 Burn 4 | . 3 1 Melee Attacks . | . . . Impact . | . . . Slashing . | . . . Piercing . | . . . Sneak Attacks . | . . . Combat Hostiles . | . . . Follow-up Attacks . | . . . Damage Inflicted 1018 | 88 753 177 Guns 809 | 88 558 163 Cannons . | . . . Explosions 191 | . 191 . Melee . | . . . Ramming 18 | . 4 14 Kinetic 282 | 14 204 64 Thermal 527 | 74 354 99 Explosive 191 | . 191 . Electromagnetic . | . . . Impact . | . . . Slashing . | . . . Piercing . | . . . Highest Corruption . | . . . Average Corruption . | . . . Corruption Purged . | . . . Corruption Blocked . | . . . Overload Shots . | . . . Overflow Damage 1 | . 1 . Projectiles . | . . . Explosions 1 | . 1 . Melee . | . . . Knockbacks . | . . . Impact . | . . . Kinetic . | . . . Secondary . | . . . Self-Inflicted Damage . | . . . Shots . | . . . Rammed 6 | . 1 5 Targets Rammed 6 | . 1 5 Kicked . | . . . Crushed . | . . . Highest Temperature 204 | 60 204 136 Average Temperature 48 | 26 51 49 Received Heat Transfer 108 | . 60 48 Siege Activations . | . . . Martial Activations . | . . . Shielding Activations . | . . . Robots Disrupted . | . . . Combat Hostiles . | . . . Robots Corrupted . | . . . Combat Hostiles . | . . . Parts Fried . | . . . Impact Corruptions . | . . . Robots Melted 1 | . 1 . Combat Hostiles 1 | . 1 . Parts Melted 4 | . 4 . Heat Transferred 1850 | 222 1258 370 Parts Sabotaged . | . . . Parts Stolen . | . . . Parts Stripped . | . . . Power Chain Reactions . | . . . Alert | -11 -10 -10 ------- Run | Yrd Mat Min Maximum Alert Level . | . . . Low Security (%) 100 | 100 100 100 Level 1 . | . . . Level 2 . | . . . Level 3 . | . . . Level 4 . | . . . Level 5 . | . . . High Security . | . . . Max Security . | . . . Peak Influence 130 | 5 130 40 Initial . | . . . Average 26 | . 41 3 Influence Increases 431 | 15 366 50 Destroy 0b10 Robot/C 260 | . 220 40 Destroy 0b10 Robot/NC 55 | 15 40 . Destroy Leader 54 | . 44 10 Successful Hack 32 | . 32 . Destroy Structure 15 | . 15 . Lose Combat Pursuer 15 | . 15 . Influence Decreases 431 | 15 365 51 Entered New Map 1 | . . 1 Time Decay 430 | 15 365 50 Squads Dispatched 2 | . 2 . Investigation . | . . . Extermination . | . . . Reinforcement 2 | . 2 . Assault . | . . . Garrison . | . . . Intercept . | . . . Searches Triggered . | . . . Construction Impeded . | . . . Haulers Reinforced . | . . . Active Scanning Responses . | . . . Cargo Convoy Interrupts . | . . . Stealth | -11 -10 -10 --------- Run | Yrd Mat Min Distress Signals 2 | . 2 . Communications Jammed . | . . . Distress Signals . | . . . Times Spotted 30 | . 26 4 Peak Tracking Total 4 | . 4 2 Tactical Retreats 1 | . 1 . Traps | -11 -10 -10 ------- Run | Yrd Mat Min Traps Triggered . | . . . Indirectly . | . . . Trap Hack Attempts . | . . . Triggered . | . . . Disarmed . | . . . Reprogrammed . | . . . Reused . | . . . Traps Extracted . | . . . Installed . | . . . Triggered . | . . . Machines | -11 -10 -10 ---------- Run | Yrd Mat Min Machines Disabled . | . . . Max in Single Turn . | . . . Machines Repaired . | . . . Machines Dismantled . | . . . Machines Sabotaged . | . . . Overloaded Fab Kills . | . . . Hacking | -11 -10 -10 --------- Run | Yrd Mat Min Machines Accessed 6 | . 6 . Terminals 6 | . 6 . Fabricators . | . . . Repair Stations . | . . . Recycling Units . | . . . Scanalyzers . | . . . Garrison Access . | . . . Total Hacks 22 | . 22 . Successful 11 | . 11 . Failed 11 | . 11 . Catastrophic . | . . . Database Lockouts . | . . . Manual 19 | . 19 . Terminals 22 | . 22 . Fabricators . | . . . Repair Stations . | . . . Recycling Units . | . . . Scanalyzers . | . . . Garrison Access . | . . . Terminal Hacks 1 | . 1 . Terminal Index 1 | . 1 . Fabricator Hacks . | . . . Repair Station Hacks . | . . . Recycling Unit Hacks . | . . . Scanalyzer . | . . . Garrison Access Hacks . | . . . Unauthorized Hacks 10 | . 10 . Terminals 10 | . 10 . Botnet 4 | . 4 . Operators 1 | . 1 . Skim 5 | . 5 . Fabricators . | . . . Repair Stations . | . . . Recycling Units . | . . . Scanalyzers . | . . . Garrison Access . | . . . Data Cores Recovered . | . . . Used . | . . . Hacking Detections 6 | . 6 . Full Trace Events . | . . . Feedback Events . | . . . Feedback Blocked . | . . . Robot Schematics Acquired . | . . . Robots Built . | . . . Authchips . | . . . Time . | . . . Total Robot Build Rating . | . . . Part Schematics Acquired . | . . . Parts Built . | . . . Authchips . | . . . Time . | . . . Total Part Build Rating . | . . . Part Studies Acquired . | . . . Parts Repaired . | . . . Time . | . . . Parts Recycled . | . . . Recycled Matter . | . . . Retrieved Matter . | . . . Retrieved Components . | . . . Parts Scanalyzed . | . . . Part Schematics Acquired . | . . . Parts Damaged . | . . . Bothacking | -11 -10 -10 ------------ Run | Yrd Mat Min Used RIF Installer . | . . . Robots Hacked . | . . . Non-combat . | . . . Combat . | . . . Robot Hacks Applied . | . . . Relay Couplers Released . | . . . Fabnet Peak Effective % . | . . . Robots Rewired . | . . . Allies Hacked . | . . . Hacks Repelled . | . . . Allies | -11 -10 -10 -------- Run | Yrd Mat Min Total Allies . | . . . Largest Group . | . . . Highest-Rated Group . | . . . Highest-Rated Ally . | . . . Total Orders . | . . . Ally Attacks . | . . . Total Damage . | . . . Kills . | . . . Allies Corrupted . | . . . Allies Melted . | . . . Intel | -11 -10 -10 ------- Run | Yrd Mat Min Active Infowar (turns) 1644 | 53 1056 535 Seismic 1644 | 53 1056 535 Robot Analysis Total . | . . . Derelict Logs Recovered . | . . . Drone Launches . | . . . Drone Recoveries . | . . . Exploration | -11 -10 -10 ------------- Run | Yrd Mat Min Turns Passed 1733 | 134 1064 535 Spaces Moved 915 | 65 545 305 Core 4 | 4 . . Treads 911 | 61 545 305 Legs . | . . . Wheels . | . . . Hover . | . . . Flight . | . . . Fastest Speed 50 | 50 160 160 Average Speed 159 | 153 160 160 Slowest Speed 160 | 160 160 160 Overloaded Moves . | . . . Propulsion Burnouts . | . . . Robots Hopped . | . . . Potential Cave-ins . | . . . Cave-ins Triggered . | . . . Exploration Rate (%) 48 | 4 90 51 Regions Visited 2 Branch Regions 1 Pre-discovered Areas . | . . . Known Exits Taken 1 | . 1 . Unknown Exits Taken 1 | 1 . . Scrap Searched . | . . . Spaces Dug . | . . . Terrain Destroyed 15 | . 15 . Melee . | . . . Projectile . | . . . AOE 15 | . 15 . Terrain Rammed . | . . . Walls Destroyed . | . . . Machines Disabled . | . . . Actions | -11 -10 -10 --------- Run | Yrd Mat Min Total 1069 | 85 653 331 Wait 42 | 4 35 3 Move 913 | 64 544 305 Hop . | . . . Pick Up 20 | 3 13 4 Fast Attach 8 | 7 1 . Attach 2 | . . 2 Detach . | . . . Swap 9 | 1 8 . Drop 5 | . 4 1 Fire 64 | 6 47 11 Melee . | . . . Ram . | . . . Kick . | . . . Crush 6 | . 1 5 Escape Stasis . | . . . Rewire . | . . . Trap . | . . . Miscellaneous . | . . . Route ------- -11/Scrapyard -10/Materials (discovered 6 exits: *Mat x3 / *Min x2 / Sub) -10/Mines (discovered 2 exits: *Mat x2) History --------- Turn | Location | Event 5 | -11/Scrapyard | Discovered new exit (range 15) 135 | -11/Scrapyard | Entered Materials 298 | -10/Materials | Discovered new exit (range 12) 307 | -10/Materials | Build established: Mutant 496 | -10/Materials | Discovered new exit (range 16) 502 | -10/Materials | Identified exit to Materials 545 | -10/Materials | Loaded intel: 8 terminal locations 577 | -10/Materials | Learned location of 1 exit from Recycling 610 | -10/Materials | Discovered new exit (range 7) 620 | -10/Materials | Identified exit to Mines 620 | -10/Materials | Identified exit to Subcaves 674 | -10/Materials | Learned location of 2 exits from Materials 1199 | -10/Materials | Entered Mines 1265 | -10/Mines | Met a Derelict bent on vengeance 1411 | -10/Mines | Discovered exit to Materials (range 10) 1558 | -10/Mines | Discovered exit to Materials (range 8) 1682 | -10/Mines | Assembled infested the area 1687 | -10/Mines | Assisted by a Guerilla fighting off Assembled 1721 | -10/Mines | Core integrity fell below 50% 1729 | -10/Mines | Core integrity fell below 20% 1734 | -10/Mines | Destroyed by D-53 Grenadier with Mini Grenade Launcher Last Messages --------------- 01688_ Slammed into K-01 Serf. 01698_ Acquired 1 matter. 01708_ C-45 Heavy ARC bursts open, deploying its payload. 01708_ D-53 Grenadier unfolds itself. 01718_ U-05 Engineer destroyed. 01720_ T-07 Excavator destroyed. 01720_ Q0-1DO(h): "I'll hold them off! Go on ahead or try to find another way!" 01720_ HV Slug penetrates D-53 Grenadier. 01720_ D-53 Grenadier knocked back. 01722_ Lgt. Treads destroyed. 01722_ Q0-1DO(h) destroyed. 01726_ Ion Engine destroyed. 01726_ R-06 Scavenger collects Structural Scanner. 01728_ Med. Laser destroyed. 01728_ D-53 Grenadier destroyed. 01730_ K-01 Serf collects debris. 01731_ The unstable cave ceiling collapses. Map ----- +----------------------------------------------------+ | | | | | | | | | | | | | | | ?????????????????????????????????????????????????? | | ?????????????????????????????????????????????????? | | ???????????????????###????????????##########?????? | | ??????????????????## ##??????????# """ #?????? | | ??????????????????# ##?????????# """ #?????? | | ??????????????????# #?????????# """ #?????? | | ??????????????????# #?????##### #?????? | | ??????????????????# #??????# %% #?????? | | ??????????????????# #??????# ### #?????? | | ??????????????????## ##??????# #?## ######?????? | | ??????????????????## ##??????# #??# #??????????? | | ?????????????????## ####???# #??# #??????????? | | ?????????????????# #####%#??# #?????????## | | ????????????????## #??# #????????## | | ????????????????# #??# #???????## | | ????????????????# ####??# #??????## | | ????????????????## #????# ######## # | | ?????????????????#### #????# ## | | ????????????????????# @ #????# #? | | ????????????????????# # # ##????########## # | | ?????????# ########## ###???????????## < | | ?????????# %% % %d r #????????????## | | ?????????############# %## #?????????????# | | ?????????????????????## # ### #?????????###### | | ??????????????????????### ##???????## ##?# | | ?????????????????????## #??????## ##?# | | ?????????????????????# #?????## #?? | | ?????????????????????# ####### ##? | | ?????????????????????## ## ## ## | | ??????????????????????######### | | ??????????????????????????????## ## | | ???????????????????????????????###### #### | | ????????????????????????????????????# ##??## | | ???????????????????????????????????## #???## | | ???????????????????????????######### #??## | | ??????????????????????????## ## #?## | | ?????????????????????????## #### | | ????????????????????????## """ #?# | | ???????????????????????## """ ##?# | | ?????????????????####### """ #??## | | ?????????????????# """ ##??## | | ?????????????????# ## #???# | | ?????????????##### ########## #??### | +----------------------------------------------------+ Best States ------------- Heat Dissipation 25 Energy Generation 10 Energy Capacity 250 Matter Stores 300 Matter Capacity 300 Sight Range 16 Terrain Scan Density 10 Evasion (%) 40 Recoil Reduction 2 Item Schematics ----------------- None Robot Schematics ------------------ None Fabricated ------------ Nothing Repaired ---------- Nothing Studied --------- None Alien Tech Used ----------------- None Achievements -------------- None Challenges ------------ None Game ------ Seed StormSniperAutobeam Manual? 0 Play Time 00:08:52 Cumulative 277.7 hours Start 2026.01.01 @ 20:38:01 End 2026.01.01 @ 20:45:20 Sessions 1 Manual Loads 0 Difficulty Rogue Special Mode None Game No. 182 Rogue 182 Adventurer 0 Explorer 0 Win Type - Total 10 Types 7/0/1/1/0/0/0/1/0/0 Lore% 91 Gallery% 80 Achievement% 64 Wizard Run 0 Options --------- Layout 1 ASCII 0 Keyboard 0 Movement Mouse Keybinds 0 Fullscreen 2 Font 32/SmallcapsGlow Map View 50x35 Zoom Use 0% Tactical HUD 1 Map Filters NONE Filters NONE Steam 1 RUN: 0d191bbc-42be-473e-a549-9e4dc0d477ce